 Dungeon Crawl Stone Soup version bcrawl-1.36.5b (webtiles) character file.

Game seed: 1304849521261156031

374045 CuBeRJAN3 the Destroyer (level 15, 0/91 HPs)
             Began as an Avariel Fire Elementalist on Aug 24, 2022.
             Was a High Priest of Vehumet.
             Slain by an alligator (21 damage)
             ... on level 1 of the Swamp.
             The game lasted 01:56:31 (28262 turns).

CuBeRJAN3 the Destroyer (AvFE)                     Turns: 28262, Time: 01:56:31

Health: 0/91       AC: 12    Str:  6    XL:     15   Next: 46%
Magic:  6/42       EV: 20    Int: 34    God:    Vehumet [*****.]
Gold:   552        SH:  3    Dex: 15    Spells: 0/38 levels left

rFire    . . .     GDR:     27% b - +7 shortbow (velocity)
rCold    . . .     Archmagi +   (shield currently unavailable)
rNeg     . . .     SeeInvis .   K - +2 robe {Archmagi}
rPois    .         Gourm    .   T - +1 helmet of Indecent Exposure {*Drain rElec MR- Int+6}
rElec    +         Faith    .   l - +2 cloak {+Inv}
rCorr    .         Spirit   .   I - +1 pair of gloves
MR       .....     Reflect  +   P - +0 pair of boots
Stlth    +++++.....             y - +3 amulet of reflection
HPRegen  0.25/turn              A - +2 ring of dexterity
MPRegen  0.28/turn              Z - ring of magical power

@: lethally poisoned (0 -> 0), grasped by roots, flying quickly and evasively,
very slightly contaminated, slowed, constricted, invisible, very slow
A: able to fly
a: Stop Flying, Renounce Religion


You were on level 1 of the Swamp.
You worshipped Vehumet.
Vehumet was extremely pleased with you.
You were hungry.

You visited 5 branches of the dungeon, and saw 20 of its levels.

You collected 2206 gold pieces.
You spent 1654 gold pieces at shops.

Inventory:

Hand Weapons
 b - a +7 shortbow of velocity (weapon)
Missiles
 G - 798 arrows (quivered)
Armour
 l - a +2 cloak of invisibility (worn)
 I - a +1 pair of gloves (worn)
 K - a +2 robe of the Archmagi (worn)
 P - a +0 pair of boots (worn)
 T - the +1 helmet of Indecent Exposure (worn) {*Drain rElec MR- Int+6}
   (You bought it in a shop in the Orcish Mines)

   It affects your intelligence (+6).
   It insulates you from electricity.
   It affects your resistance to hostile enchantments.
   It causes draining when unequipped.
Jewellery
 a - an uncursed ring of ice {unknown}
 k - an uncursed ring of stealth
 y - a +3 amulet of reflection (around neck)
 A - a +2 ring of dexterity (left hand)
 V - an uncursed ring of protection from cold
 Z - a ring of magical power (right hand)
Wands
 c - a wand of flame (3)
 x - a wand of paralysis (14)
 B - a wand of digging (5)
 M - a wand of iceblast (9)
 R - a wand of polymorph (25)
 U - a wand of clouds (5)
 X - a wand of random effects (12)
Scrolls
 f - 3 scrolls of noise
 g - 6 scrolls of remove curse
 i - a scroll of identify
 n - 7 scrolls of teleportation
 v - 2 scrolls of magic mapping
 w - a scroll of torment
 F - a scroll of summoning {unknown}
 N - 2 scrolls of amnesia
 O - a scroll of immolation {unknown}
 W - a scroll of silence {unknown}
Potions
 d - a potion of agility {unknown}
 h - 2 potions of cancellation
 m - 5 potions of mutation
 o - 11 potions of curing
 p - 3 potions of lignification
 q - 3 potions of ambrosia
 s - 2 potions of magic
 t - 4 potions of haste
 u - 2 potions of flight {unknown}
 z - 2 potions of might
 D - a potion of heal wounds
 E - 6 potions of brilliance
 L - 4 potions of degeneration
 Q - a potion of invisibility {unknown}
Comestibles
 e - 32 rations {!d}


   Skills:
 + Level 9.6 Fighting
 + Level 11.1 Bows
 + Level 11.3 Dodging
 + Level 11.4 Stealth
 + Level 12.4 Spellcasting
 + Level 13.1 Conjurations
 + Level 11.5 Fire Magic
 + Level 5.9 Evocations


You couldn't memorise any spells.
You knew the following spells:

 Your Spells              Type           Power        Failure   Level  Hunger
a - Flame Tongue          Conj/Fire      #####        0%          1    None
b - Conjure Flame         Conj/Fire      ########     1%          3    None
c - Inner Flame           Hex/Fire       N/A          1%          3    None
d - Sticky Flame          Conj/Fire      ########     1%          4    None
e - Flaming Arrows        Chrm/Fire      ######..     1%          2    None
f - Fireball              Conj/Fire      ########..   1%          5    ##.....
g - Freeze                Ice            ####..       1%          1    None
h - Searing Ray           Conj           ########     0%          2    None
i - Iskenderun's Mystic   Conj           ########     1%          3    None
j - Yara's Violent Unrav  Hex/Tmut       ####......   5%          4    None
k - Iskenderun's Battles  Conj/Chrm      #######.     1%          5    ##.....
l - Bolt of Draining      Conj/Necr      #######...   1%          5    ##.....

Your spell library contained the following spells:

 Spells                   Type           Power        Failure   Level  Hunger
 Icicle Burst             Conj/Ice       #######...   30%         7    ######.
 Ensorcelled Hibernation  Hex/Ice        ####..       3%          2    None
 Piercing Shot            Chrm           ####......   50%         5    ##.....
 Silence                  Hex/Air        ####......   50%         5    ##.....
 Borgnjor's Vile Clutch   Necr/Erth      ####......   97%         6    ####...
 Darkness                 Hex            ####......   97%         6    ####...
 Deflect Missiles         Chrm/Air       ####......   97%         6    ####...
 Infestation              Hex/Tmut/Pois  ####.....    97%         6    ####...
 Discord                  Hex            ####......   100%        7    ######.
 Shadow Creatures         Summ           N/A          100%        7    ######.
 Time Stop                Chrm/Tloc      N/A          100%        8    #######


Dungeon Overview and Level Annotations

Branches:
Dungeon (11/12)            Temple (1/1) D:5            Lair (6/6) D:7
  Swamp (1/3) Lair:2        Snake (0/3) Lair:2        Slime (0/5) Lair:6
    Orc (1/1) D:9             Elf (0/3) Orc
 Shoals: Lair:2-4    Spider: Lair:2-4    Vaults: D:11-12

Altars:
Ashenzari
Cheibriados
Dithmenos
Elyvilon
Fedhas
Gozag
Hepliaklqana
Kikubaaqudgha
Lugonu
Makhleb
Nemelex Xobeh
Okawaru
Qazlal
Ru
Sif Muna
Trog
Uskayaw
Vehumet
Wu Jian
Xom
Yredelemnul
Zin
The Shining One
Jiyva

Shops:
D:4 (%[(   D:6 *   D:7 [   Orc :(**[

Annotations:
D:3 exclusion: ice beast
D:4 Menkaure
Lair:1 exclusion: 3 oklob plants
Lair:6 exclusions: dire elephant and obsidian statue


Innate Abilities, Weirdness & Mutations

You can fly continuously.


Message History

Attempting to read a scroll while constricted might waste it - continue anyway?
Okay, then.
Press: ? - help, v - describe, . - travel
Here: a bog body (moderately damaged)
Press: ? - help, v - describe, . - travel
Here: a shambling mangrove (moderately damaged) Unknown command.
Okay, then.
Unknown command.
You fade into invisibility!
You are very lightly contaminated with residual magic.
You feel somewhat more hungry.
The seven-headed hydra is engulfed in a cloud of scalding steam. x2
The bog body hits you but does no damage.
* * * LOW HITPOINT WARNING * * *
The grasping roots constrict you!
The seven-headed hydra is engulfed in a cloud of scalding steam.
You feel sick.
The alligator barely misses you. x2; The bog body misses you.
The alligator bites you!!
You die...

≈≈≈≈≈≈≈ ♣♣≈♣
≈≈≈≈≈≈. ♣♣♣....
≈≈≈≈≈≈≈♣≈♣..≈..
.≈≈≈≈≈≈....≈≈≈.
≈≈≈≈≈≈≈...≈≈≈≈.
≈≈≈≈≈≈..≈.....≈
≈≈≈≈≈.t.≈≈D.≈≈.
≈≈≈≈≈.≈@f..§≈≈≈
.≈..≈♣.n..§§§≈.
≈≈≈ ♣......≈≈.
≈ ♣♣..≈.≈≈..
♣≈≈≈≈≈≈≈.
≈.≈≈≈≈≈≈.
≈≈≈♣≈≈≈≈.
≈≈≈≈≈≈≈≈.


You could see a shambling mangrove, an alligator, a seven-headed hydra
(wandering) and a bog body.

Vanquished Creatures
  An orc warlord (Orc)
  An ettin (Orc)
  Urug (Lair:1)
  A rakshasa (D:7)
  Erolcha (D:9)
  Harold (Lair:3)
  10 hydras
  An anaconda (Lair:6)
  Psyche (D:9)
  4 alligators
  3 two-headed ogres
  12 death yaks
  An orc high priest (Orc)
  A goliath frog (Lair:6)
  A spectral anaconda (Lair:6)
  A lindwurm (Lair:6)
  Pikel (D:9)
  4 orc knights (Orc)
  3 orc sorcerers (Orc)
  A manticore (Lair:6)
  5 black mambas
  20 elephants
  Joseph (D:7)
  11 cane toads
  2 torpor snails
  A rime drake (Lair:1)
  7 komodo dragons
  An eye of draining (D:8)
  A queen bee (D:10)
  3 trolls
  2 tyrant leeches (Lair:2)
  2 slime creatures (Lair:5)
  A hornet (D:7)
  7 hippogriffs
  18 blink frogs
  14 dream sheep
  Grum (Lair:1)
  38 yaks
  2 basilisks
  3 wyverns
  A steam dragon (Lair:6)
  A redback (D:8)
  4 swamp worms
  2 nagas (Lair:2)
  4 wargs
  7 crocodiles
  2 water moccasins
  4 porcupines
  20 orc warriors
  4 sky beasts
  3 ice beasts
  2 slaves (D:9)
  A black bear (Lair:5)
  3 soldier ants (D:8)
  A swamp drake (Swamp:1)
  7 ogres
  6 phantoms
  A necrophage (D:7)
  19 wolves
  4 bullfrogs
  2 kobold brigands
  A wyvern skeleton (D:8)
  6 centaurs
  3 scorpions
  A water moccasin skeleton (D:9)
  36 killer bees
  8 wights
  3 howler monkeys (D:7)
  20 orc priests
  2 electric eels (D:9)
  2 bullfrog zombies
  5 crimson imps
  A hound (D:9)
  4 jellies
  A bullfrog skeleton (D:7)
  3 iguanas
  19 orc wizards
  9 worker ants
  A hound skeleton (D:6)
  A howler monkey zombie (D:6)
  A worker ant zombie (D:7)
  7 adders
  7 gnolls
  3 shadow imps
  An ooze (D:5)
  6 worms
  5 dart slugs
  3 leopard geckos (D:2)
  70 orcs
  3 bats
  2 giant cockroaches
  5 goblins
  6 hobgoblins
  3 jackals (D:2)
  4 quokkas
  3 ball pythons
  2 frilled lizards
  A jackal skeleton (D:4)
  17 kobolds
  6 rats
  4 fungi
573 creatures vanquished.

Vanquished Creatures (others)
  11 fungi
  15 plants
  13 withered plants (Lair:6)
39 creatures vanquished.

Grand Total: 612 creatures vanquished

Notes
Turn   | Place    | Note
-------+----------+-------------------------------------------
     0 | D:1      | CuBeRJAN3 the Avariel Fire Elementalist began the quest for
                  | the Orb.
     0 | D:1      | Reached XP level 1. HP: 10/10 MP: 6/6
   518 | D:1      | Reached XP level 2. HP: 15/15 MP: 5/7
  1154 | D:2      | Reached skill level 2 in Conjurations
  1154 | D:2      | Reached XP level 3. HP: 20/20 MP: 7/9
  1259 | D:2      | Learned a level 3 spell: Conjure Flame
  1263 | D:2      | Learned a level 3 spell: Inner Flame
  1379 | D:2      | Found a bloodstained altar of Trog.
  2110 | D:2      | Reached XP level 4. HP: 18/24 MP: 6/10
  2659 | D:3      | Reached skill level 1 in Fighting
  2735 | D:3      | Noticed an ice beast
  3495 | D:3      | Found an iron altar of Okawaru.
  3597 | D:4      | Reached XP level 5. HP: 29/29 MP: 10/12
  3642 | D:4      | Learned a level 4 spell: Sticky Flame
  3687 | D:4      | Found Xuvvaxeg's Weapon Emporium.
  3691 | D:4      | Found a sacrificial altar of Ru.
  4266 | D:2      | Reached skill level 3 in Conjurations
  4698 | D:4      | Reached XP level 6. HP: 35/35 MP: 13/13
  5233 | D:4      | Found Ajyrus's Antique Weapon Emporium.
  5233 | D:4      | Found Tommuloamm's Food Shoppe.
  5307 | D:4      | Bought a runed hunting sling for 117 gold pieces
  5325 | D:4      | Bought a ration for 50 gold pieces
  5325 | D:4      | Bought a ration for 50 gold pieces
  5376 | D:4      | Found Xara's Armour Shop.
  5670 | D:4      | Noticed Menkaure
  6220 | D:5      | Entered Level 5 of the Dungeon
  6236 | D:5      | Reached XP level 7. HP: 31/40 MP: 12/15
  6514 | D:5      | Reached skill level 4 in Conjurations
  6756 | D:5      | Found a staircase to the Ecumenical Temple.
  6785 | Temple   | Entered the Ecumenical Temple
  6876 | Temple   | Became a worshipper of Vehumet
  7368 | D:5      | Found an ornate altar of the Wu Jian Council.
  7368 | D:5      | Found a corrupted altar of Lugonu.
  7373 | D:5      | Reached skill level 5 in Fire Magic
  7457 | D:5      | Reached XP level 8. HP: 46/46 MP: 1/17
  7573 | D:5      | Reached skill level 5 in Spellcasting
  7825 | D:6      | Reached skill level 5 in Conjurations
  7951 | D:6      | Reached skill level 5 in Dodging
  8023 | D:6      | Found a bloodstained altar of Trog.
  8049 | D:6      | Found a blossoming altar of Fedhas.
  8052 | D:6      | Found an ancient bone altar of Kikubaaqudgha.
  8110 | D:6      | Reached skill level 5 in Stealth
  8377 | D:6      | Found a glowing silver altar of Zin.
  8410 | D:6      | Noticed a hippogriff
  8438 | D:6      | HP: 1/48 [centaur/arrow (11)]
  8659 | D:5      | Learned a level 2 spell: Flaming Arrows
  8775 | D:6      | Killed a hippogriff
  8776 | D:6      | Reached skill level 1 in Bows
  8776 | D:6      | Gained mutation: You can fly continuously. [Avariel growth]
  8776 | D:6      | Reached XP level 9. HP: 41/52 MP: 11/20
  8844 | D:6      | Reached skill level 6 in Conjurations
  8855 | D:6      | Learned a level 5 spell: Fireball
  8879 | D:6      | Found a shattered altar of Ashenzari.
  8894 | D:6      | Found a white marble altar of Elyvilon.
  8961 | D:6      | Reached * piety under Vehumet
  8961 | D:6      | Offered knowledge of Freeze by Vehumet.
  9039 | D:6      | Learned a level 1 spell: Freeze
  9242 | D:6      | Found Bowoqacu's Assorted Antiques.
  9247 | D:6      | Bought a scroll of identify for 64 gold pieces
  9619 | D:7      | Found a sparkling altar of Nemelex Xobeh.
  9758 | D:7      | Found a stormy altar of Qazlal.
  9899 | D:7      | Noticed a death yak
  9918 | D:7      | HP: 2/52 [poisoned by a killer bee]
 10111 | D:7      | Noticed a hornet
 10281 | D:7      | Reached ** piety under Vehumet
 10281 | D:7      | Offered knowledge of Searing Ray by Vehumet.
 10285 | D:7      | Learned a level 2 spell: Searing Ray
 10390 | D:7      | Found a staircase to the Lair.
 10390 | D:7      | Noticed a death yak
 10390 | D:7      | Noticed Joseph
 10390 | D:7      | Noticed a death yak
 10404 | D:7      | Noticed a death yak
 10445 | D:7      | Noticed a death yak
 10446 | D:7      | Noticed a death yak
 10577 | D:7      | Killed Joseph
 10578 | D:7      | Reached skill level 7 in Conjurations
 10632 | D:7      | Killed a hornet
 10633 | D:7      | Reached XP level 10. HP: 58/58 MP: 6/22
 10780 | D:7      | Noticed a death yak
 10795 | D:7      | Noticed a rakshasa
 11183 | D:7      | Killed a death yak
 11184 | D:7      | Reached skill level 5 in Fighting
 11307 | D:7      | Killed a rakshasa
 11419 | D:7      | Found Hadawaga's Armour Boutique.
 11560 | D:4      | Bought a ration for 50 gold pieces
 11560 | D:4      | Bought a ration for 50 gold pieces
 11560 | D:4      | Bought a ration for 50 gold pieces
 11684 | D:7      | Killed a death yak
 11685 | D:7      | Reached skill level 8 in Conjurations
 11815 | D:7      | Noticed a death yak
 11849 | D:7      | Killed a death yak
 11850 | D:7      | Reached skill level 5 in Bows
 11969 | D:7      | Killed a death yak
 11970 | D:7      | Reached XP level 11. HP: 64/64 MP: 8/25
 12099 | D:7      | Killed a death yak
 12289 | D:7      | Killed a death yak
 12302 | D:7      | Killed a death yak
 12470 | D:7      | Killed a death yak
 12471 | D:7      | Reached skill level 9 in Conjurations
 12840 | D:8      | Found a burning altar of Makhleb.
 13093 | D:8      | Offered knowledge of Iskenderun's Mystic Blast by Vehumet.
 13110 | D:8      | Learned a level 3 spell: Iskenderun's Mystic Blast
 13213 | D:8      | Reached *** piety under Vehumet
 13235 | D:8      | Found a roughly hewn altar of Beogh.
 13347 | D:8      | Found a shimmering blue altar of Sif Muna.
 13421 | D:8      | Offered knowledge of Yara's Violent Unravelling by Vehumet.
 13452 | D:8      | Learned a level 4 spell: Yara's Violent Unravelling
 13883 | D:9      | Noticed a two-headed ogre
 13889 | D:9      | Killed a two-headed ogre
 13939 | D:9      | Reached **** piety under Vehumet
 13978 | D:9      | Offered knowledge of Bolt of Magma by Vehumet.
 14297 | D:9      | Noticed Psyche
 14363 | D:9      | Noticed Erolcha
 14428 | Lair:1   | Entered Level 1 of the Lair of Beasts
 14428 | Lair:1   | Noticed Urug
 14436 | Lair:1   | Noticed Grum
 14449 | Lair:1   | Noticed a four-headed hydra
 14454 | Lair:1   | Killed a four-headed hydra
 14455 | Lair:1   | Reached XP level 12. HP: 57/71 MP: 6/27
 15027 | Lair:1   | Reached skill level 10 in Conjurations
 15039 | Lair:1   | Noticed a four-headed hydra
 15042 | Lair:1   | Killed a four-headed hydra
 15347 | Lair:1   | Killed Grum
 15639 | Lair:1   | Noticed an eight-headed hydra
 15651 | Lair:1   | Killed an eight-headed hydra
 15935 | Lair:1   | Killed Urug
 15936 | Lair:1   | Reached skill level 10 in Spellcasting
 16286 | Lair:2   | Found a staircase to the Snake Pit.
 16387 | Lair:2   | Noticed a seven-headed hydra
 16391 | Lair:2   | Killed a seven-headed hydra
 16888 | Lair:2   | Found a staircase to the Swamp.
 17011 | Lair:2   | Reached XP level 13. HP: 77/77 MP: 23/29
 17137 | Lair:2   | Reached ***** piety under Vehumet
 17528 | Lair:3   | Noticed Harold
 17559 | Lair:3   | Killed Harold
 17559 | Lair:3   | Offered knowledge of Fulminant Prism by Vehumet.
 17560 | Lair:3   | Reached skill level 11 in Conjurations
 17618 | Lair:3   | Learned a level 5 spell: Iskenderun's Battlesphere
 17806 | Lair:3   | Reached skill level 10 in Fire Magic
 18099 | Lair:3   | Found a bloodstained altar of Trog.
 18945 | Lair:4   | Reached skill level 1 in Evocations
 19670 | Lair:5   | Reached skill level 10 in Stealth
 19685 | Lair:4   | Reached skill level 10 in Dodging
 20035 | Lair:5   | Offered knowledge of Bolt of Cold by Vehumet.
 20743 | Lair:5   | Reached XP level 14. HP: 84/84 MP: 18/31
 21549 | Lair:6   | Entered Level 6 of the Lair of Beasts
 21553 | Lair:6   | Reached skill level 12 in Conjurations
 21847 | Lair:5   | Reached skill level 10 in Bows
 22056 | Lair:6   | Noticed a dire elephant
 22058 | Lair:6   | Found the macabre finger necklace {rN+}
 22476 | Lair:6   | Offered knowledge of Bolt of Draining by Vehumet.
 23295 | Lair:6   | Found a viscous altar of Jiyva.
 23297 | Lair:6   | Found a staircase to the Slime Pits.
 23978 | Lair:6   | Reached skill level 5 in Evocations
 24256 | D:9      | Killed Psyche
 24504 | D:9      | Killed Erolcha
 24665 | D:9      | Noticed Pikel
 24668 | D:9      | Killed Pikel
 24669 | D:9      | Reached XP level 15. HP: 90/90 MP: 26/33
 24688 | D:9      | Learned a level 5 spell: Bolt of Draining
 25132 | D:9      | Found a staircase to the Orcish Mines.
 25163 | Orc      | Entered the Orcish Mines
 25809 | Orc      | Offered knowledge of Icicle Burst by Vehumet.
 25862 | Orc      | Noticed an orc warlord
 25879 | Orc      | Killed an orc warlord
 26159 | Orc      | Found a roughly hewn altar of Beogh.
 26174 | Orc      | Reached skill level 13 in Conjurations
 26219 | Orc      | Found Iropn's Antique Armour Shop.
 26222 | Orc      | Found Wurron's Antique Weapon Shop.
 26240 | Orc      | Found Ydoeser's Book Shop.
 26244 | Orc      | Found Hoit's General Store.
 26269 | Orc      | Bought a glimmering helmet for 313 gold pieces
 26285 | Orc      | Bought a potion of heal wounds for 70 gold pieces
 26289 | Orc      | Bought a scroll of identify for 28 gold pieces
 26341 | Orc      | Identified the +1 helmet of Indecent Exposure {*Drain rElec
                  | MR- Int+6} (You bought it in a shop in the Orcish Mines)
 26451 | Orc      | Found a staircase to the Elven Halls.
 26836 | Orc      | Found Hyejot's General Store.
 26848 | Orc      | Bought a potion of ambrosia for 60 gold pieces
 26848 | Orc      | Bought a scroll of teleportation for 45 gold pieces
 26848 | Orc      | Bought a ration for 75 gold pieces
 26987 | D:10     | Entered Level 10 of the Dungeon
 27026 | D:10     | Found Zurchato's Magic Scroll Shoppe.
 27045 | D:10     | Bought 3 scrolls of teleportation for 144 gold pieces
 27045 | D:10     | Bought a scroll of enchant weapon for 120 gold pieces
 27045 | D:10     | Bought a scroll of identify for 32 gold pieces
 27045 | D:10     | Bought a scroll of remove curse for 48 gold pieces
 27045 | D:10     | Bought a scroll of remove curse for 48 gold pieces
 27045 | D:10     | Bought a scroll of enchant weapon for 120 gold pieces
 27045 | D:10     | Bought a scroll of enchant weapon for 120 gold pieces
 28250 | Swamp:1  | Entered Level 1 of the Swamp
 28262 | Swamp:1  | Slain by an alligator

Skill      XL: |  1  2  3  4  5  6  7  8  9 10 11 12 13 14 15 |
---------------+----------------------------------------------+-----
Spellcasting   | 3 4 6 7 8 9 10 11 12 | 12.4
Conjurations   | 2 3 4 5 7 8 9 10 11 12 13 | 13.1
Fighting       | 1 2 3 4 5 6 7 8 9 |  9.6
Stealth        | 3 4 5 6 7 8 9 10 11 | 11.4
Dodging        | 3 4 5 6 7 8 9 10 11 | 11.3
Fire Magic     | 4 5 6 7 8 9 10 11 | 11.5
Bows           | 1 3 5 7 8 9 10 11 | 11.1
Evocations     | 3 5 |  5.9

Action                   |  1- 3 |  4- 6 |  7- 9 | 10-12 | 13-15 || total
-------------------------+-------+-------+-------+-------+-------++-------
Melee: Dagger            |       |   102 |       |    41 |       ||   143
       Hunting sling     |       |       |     1 |       |       ||     1
 Fire: Hunting sling     |       |    81 |    38 |       |       ||   119
       Shortbow          |       |       |    97 |   194 |   352 ||   643
Throw: Stone             |   102 |    29 |       |       |       ||   131
       Throwing net      |       |       |     1 |       |       ||     1
 Cast: Flame Tongue      |    72 |    61 |   155 |     1 |       ||   289
       Conjure Flame     |     1 |    15 |    18 |     6 |       ||    40
       Sticky Flame      |       |       |    13 |    34 |    84 ||   131
       Flaming Arrows    |       |       |    12 |    36 |    49 ||    97
       Freeze            |       |       |     5 |       |       ||     5
       Fireball          |       |       |     4 |   102 |   209 ||   315
       Iskenderun's Myst |       |       |       |     8 |       ||     8
       Yara's Violent Un |       |       |       |     2 |       ||     2
       Iskenderun's Batt |       |       |       |       |     1 ||     1
       Bolt of Draining  |       |       |       |       |    15 ||    15
 Abil: Evoke Berserk Rag |       |     3 |       |       |       ||     3
       Evoke Invisibilit |       |       |       |       |     2 ||     2
Evoke: Wand              |       |       |       |     3 |       ||     3
       Sack of spiders   |       |       |       |       |     1 ||     1
  Use: Scroll            |       |     7 |     8 |     7 |    15 ||    37
       Potion            |       |     1 |     1 |       |       ||     2
  Eat: Chunk             |     7 |    11 |    15 |    31 |    44 ||   108
       Ration            |       |     4 |     3 |     6 |     6 ||    19
Armor: Robe              |     7 |    14 |     9 |    10 |    46 ||    86
Dodge: Dodged            |    43 |    83 |    98 |    70 |   238 ||   532
Block: Other             |       |       |     5 |    13 |    20 ||    38
       Reflection        |       |       |     2 |     1 |     1 ||     4
